 Dungeon Crawl Stone Soup version 0.29-a0-559-g359e09b9d1 (webtiles) character file.

Game seed: 8114667922375431774

2422 xian the Cutter (level 9, -2/47 HPs)
             Began as a Vine Stalker Fighter on June 10, 2022.
             Was a Believer of Wu Jian.
             Slain by a small abomination (12 damage)
             ... on level 7 of the Dungeon.
             The game lasted 00:19:56 (5562 turns).

xian the Cutter (Vine Stalker Fighter)              Turns: 5562, Time: 00:19:56

Health: -2/47      AC:  8    Str: 28    XL:     9   Next: 48%
Magic:  0/10       EV: 11    Int:  8    God:    Wu Jian [**....]
Gold:   339        SH:  7    Dex: 21    Spells: 8/8 levels left

rFire   . . .      SeeInvis .   p - +3 short sword (drain)
rCold   . . .      Faith    .   c - +1 buckler
rNeg    . . .      Spirit   +   b - +0 scale mail
rPois   .          Reflect  .   (no helmet)
rElec   .          Harm     .   (no cloak)
rCorr   .          Rampage  .   q - +0 pair of gloves
Will    +....                   (no boots)
Stlth   +.........              n - amulet of the acrobat
HPRegen 0.95/turn               D - +6 ring of dexterity
MPRegen 0.12/turn               y - +6 ring of strength

@: mighty, about to teleport
A: fangs 3, regeneration 1, magic shield, antimagic bite, no potion heal 2
a: Renounce Religion, Wall Jump


You were on level 7 of the Dungeon.
You worshipped Wu Jian.
Wu Jian was pleased with you.
You visited 2 branches of the dungeon, and saw 8 of its levels.

You collected 339 gold pieces.

Inventory:

Hand Weapons
 p - a +3 short sword of draining (weapon)
 E - a +2 spectral quarterstaff
Missiles
 A - a curare-tipped dart
Armour
 b - a +0 scale mail (worn)
 c - a +1 buckler (worn)
 q - a +0 pair of gloves (worn)
Jewellery
 a - a ring of magical power
 f - an amulet of reflection
 g - an amulet of regeneration
 n - an amulet of the acrobat (around neck)
 u - a ring of protection from cold
 y - a +6 ring of strength (right hand)
 D - a +6 ring of dexterity (left hand)
Wands
 d - a wand of digging (3)
 h - a wand of iceblast (1) (quivered)
 o - a wand of polymorph (11)
 x - a wand of charming (7)
 C - a wand of flame (10)
Scrolls
 i - 4 scrolls of teleportation
 k - 2 scrolls of fog
 m - a scroll of poison
 s - 6 scrolls of identify
 t - a scroll of enchant armour
 w - a scroll of brand weapon
 B - a scroll of summoning
Potions
 e - 2 potions of haste
 j - a potion of lignification
 l - 2 potions of brilliance
 v - a potion of curing
 z - a potion of flight


   Skills:
 + Level 5.1 Fighting
 + Level 6.1(6.8) Short Blades
 + Level 4.4(6.0) Long Blades
 + Level 5.0 Armour
 + Level 2.4 Dodging
 + Level 1.4 Stealth
 + Level 5.1 Shields


You had 8 spell levels left.
You didn't know any spells.
Your spell library contained the following spells:

 Spells                   Type           Power      Damage    Failure   Level
 Beastly Appendage        Tmut           0%         N/A       75%         1
 Magic Dart               Conj           0%         1d3       75%         1
 Call Imp                 Summ           0%         N/A       87%         2
 Wereblood                Tmut           0%         N/A       87%         2
 Gell's Gravitas          Tloc           0%         N/A       98%         3
 Lesser Beckoning         Tloc           0%         N/A       98%         3
 Mephitic Cloud           Conj/Pois/Air  0%         N/A       98%         3
 Spider Form              Tmut/Pois      0%         N/A       98%         3
 Teleport Other           Tloc           0%         N/A       98%         3


Dungeon Overview and Level Annotations

Branches:
Dungeon (7/15)             Temple (1/1) D:4

Altars:
Ashenzari
Fedhas
Gozag
Kikubaaqudgha
Qazlal
Ru
Uskayaw
Wu Jian
Zin

Shops:
D:2 [

Portals:
Abyss: D:7

Annotations:
D:3 1 runed translucent door, Crazy Yiuf
D:7 1 transporter


Innate Abilities, Weirdness & Mutations

You have razor-sharp teeth.
Your natural rate of healing is unusually fast.
When hurt, damage is shared between your health and your magic reserves.
Your bite disrupts and absorbs the magic of your enemies.
Potions cannot restore your health.


Message History

You puncture Ragain's ghost! You bite Ragain's ghost! You drain its power.
Ragain's ghost is severely damaged.
The small abomination barely misses you.
Ragain's ghost hits you.
You puncture Ragain's ghost!
Ragain's ghost is severely damaged.
The small abomination hits you but does no damage.
You barely miss Ragain's ghost.
You bite Ragain's ghost, but do no damage.
Ragain's ghost is severely damaged.
Ragain's ghost hits you!
The small abomination closely misses you.
You closely miss Ragain's ghost. You bite Ragain's ghost! You drain its power.
You feel invigorated.
Ragain's ghost is almost destroyed.
Ragain's ghost barely misses you. The small abomination hits you.
You puncture Ragain's ghost!
You destroy Ragain's ghost!
The Council accepts your kill.
You block the small abomination's attack.
Your Fighting skill increases to level 5!
Your Short Blades skill increases to level 6!
Your Armour skill increases to level 5!
Your Shields skill increases to level 5!
You hit the small abomination.
The small abomination is lightly damaged.
The small abomination hits you!
The small abomination barely misses you.
You hit the small abomination. You bite the small abomination!
You drain its power.
You feel invigorated.
The small abomination is almost destroyed.
You block the small abomination's attack.
The small abomination hits you!
* * * LOW HITPOINT WARNING * * *
The small abomination hits you.
* * * LOW HITPOINT WARNING * * *
Unknown command.
As you read the scroll of teleportation, it crumbles to dust.
You feel strangely unstable. The small abomination hits you!
You die...

#........................
#...............©........
#....###.......####......
#...##9###...###x.#......
##..#.#. #..##...##......
#..##.#.####....#.......
#...##9#..$.##..##......
#....##x.^..####:##.....
#.....#@#.... #.x#.....
#...###.x.###....##)....
#..## ..###.##.. #......
#..#...##....#. ##......
#..##∩##...### .##.....
#..##.##..###.##..#.....
#...#.^#.©#x.....##.....
#...#x##..##..####......
#...###....####.........


You could see a toenail golem and 2 small abominations.

Vanquished Creatures
  The ghost of Ragain the Cleaver, a novice MiBe of Trog (D:7)
  Sigmund (D:2)
  A water moccasin (D:6)
  A sky beast (D:7)
  An ice beast (D:6)
  An ogre (D:7)
  A necrophage (D:6)
  A kobold brigand (D:5)
  3 scorpions (D:5)
  A gnoll shaman (D:4)
  5 orc priests
  6 hounds
  Terence (D:3)
  4 iguanas
  12 orc wizards
  Robin (D:3)
  3 gnolls (D:4)
  10 adders
  A worm (D:2)
  A dart slug (D:4)
  34 orcs
  7 endoplasms
  5 giant cockroaches
  12 goblins
  8 hobgoblins
  3 jackals (D:2)
  4 quokkas
  A ball python (D:1)
  6 bats
  5 frilled lizards
  10 kobolds
  7 rats
158 creatures vanquished.

Notes
Turn   | Place    | Note
-------+----------+-------------------------------------------
     0 | D:1      | xian the Vine Stalker Fighter began the quest for the Orb.
     0 | D:1      | Reached XP level 1. HP: 11/11 MP: 2/2
    81 | D:1      | Found a faded altar of an unknown god.
   137 | D:1      | Reached XP level 2. HP: 12/16 MP: 3/3
   705 | D:2      | Reached XP level 3. HP: 19/20 MP: 4/4
   769 | D:2      | Found Ariudd's Antique Armour Boutique.
  1058 | D:2      | Noticed Sigmund
  1066 | D:2      | Killed Sigmund
  1067 | D:2      | Gained mutation: Your natural rate of healing is unusually
                  | fast. [Vine Stalker growth]
  1067 | D:2      | Reached XP level 4. HP: 24/24 MP: 5/5
  1067 | D:2      | Reached XP level 5. HP: 28/28 MP: 6/6
  1170 | D:2      | Reached skill level 1 in Dodging
  1248 | D:2      | Reached XP level 6. HP: 28/32 MP: 5/7
  1477 | D:3      | Found a sacrificial altar of Ru.
  1803 | D:3      | Noticed Terence
  1803 | D:3      | Noticed Robin
  1808 | D:3      | Killed Terence
  1815 | D:3      | Killed Robin
  2087 | D:3      | Found a runed translucent door.
  2088 | D:3      | Noticed Crazy Yiuf
  2714 | D:4      | Found a staircase to the Ecumenical Temple.
  2744 | Temple   | Entered the Ecumenical Temple
  2754 | Temple   | Became a worshipper of the Wu Jian Council
  2773 | D:4      | Reached XP level 7. HP: 37/37 MP: 8/8
  3104 | D:4      | Reached skill level 1 in Short Blades
  3246 | D:4      | Reached skill level 2 in Short Blades
  3246 | D:4      | Reached * piety under Wu Jian
  3805 | D:5      | Entered Level 5 of the Dungeon
  3851 | D:5      | Reached skill level 1 in Stealth
  3857 | D:5      | Reached skill level 3 in Short Blades
  3865 | D:5      | Gained mutation: You have razor-sharp teeth. [Vine Stalker
                  | growth]
  3865 | D:5      | Reached XP level 8. HP: 13/42 MP: 4/9
  4726 | D:5      | Reached skill level 4 in Short Blades
  4912 | D:6      | Reached ** piety under Wu Jian
  5051 | D:6      | Reached skill level 5 in Short Blades
  5051 | D:6      | Reached XP level 9. HP: 44/46 MP: 10/10
  5427 | D:7      | Found a transporter.
  5508 | D:7      | Found a one-way gate to the infinite horrors of the Abyss.
  5522 | D:7      | Noticed a toenail golem
  5537 | D:7      | Found a transporter.
  5548 | D:7      | Noticed Ragain's ghost (novice MiBe)
  5559 | D:7      | Killed Ragain's ghost
  5560 | D:7      | Reached skill level 5 in Fighting
  5560 | D:7      | Reached skill level 6 in Short Blades
  5560 | D:7      | Reached skill level 5 in Armour
  5560 | D:7      | Reached skill level 5 in Shields
  5562 | D:7      | Slain by a small abomination

Illustrated notes

Levels and vault maps discovered:
D:1:      mrwooster_arrival_arrow, layout_rooms,
          dreamdust_ecumenical_altar_statues
D:2:      layout_rooms, serial_shops, nicolae_shop_crystal, uniq_sigmund
D:3:      layout_loops_ring, nicolae_ru_awakened_eye, uniq_terence,
          uniq_crazy_yiuf_cottage, uniq_robin
D:4:      layout_basic, minmay_temple_entry_offerings, minmay_bent
D:5:      nicolae_cairo_tiling_very_big, layout_loops_cross
D:6:      layout_rooms
D:7:      layout_gridville, lemuel_doored_altar, gammafunk_ghost_abyssal_escape
Temple:   eino_narrow_crystal_temple

Skill      XL: |  1  2  3  4  5  6  7  8  9 |
---------------+----------------------------+-----
Fighting       | 3 4 5 |  5.1
Long Blades    | 2 3 4 |  4.4
Armour         | 3 4 5 |  5.0
Shields        | 3 4 5 |  5.1
Dodging        | 1 2 |  2.4
Short Blades   | 3 5 6 |  6.1
Stealth        | 1 |  1.4

Action                   |  1- 3 |  4- 6 |  7- 9 || total
-------------------------+-------+-------+-------++-------
Melee: Long sword        |    63 |    68 |       ||   131
       Bite              |    11 |    20 |    80 ||   111
       Short sword       |       |    32 |   297 ||   329
Invok: Lunge             |       |       |    16 ||    16
       Whirlwind         |       |       |    13 ||    13
Evoke: Wand              |       |     4 |     2 ||     6
  Use: Scroll            |     6 |     6 |     8 ||    20
       Potion            |     1 |     1 |     2 ||     4
Armor: Scale mail        |    33 |    39 |   100 ||   172
       Skin              |       |     2 |     2 ||     4
Dodge: Dodged            |    32 |    54 |   103 ||   189
Block: Buckler           |    34 |    48 |    76 ||   158

Table legend: (Time is in decaauts)
 A = Elapsed time spent in this place.
 B = Non-inter-level travel time spent in this place.
 C = Inter-level travel time spent in this place.
 D = Time resting spent in this place.
 E = Time spent auto-exploring this place.
 F = Levels seen in this place.
 G = Mean time per level.
                   A        B        C        D        E       F      G
               +--------+--------+--------+--------+--------+-----+--------+
         Total |   5578 |   5323 |    255 |    358 |   2924 |   8 |  697.2 |
       Dungeon |   5558 |   5303 |    255 |    358 |   2924 |   7 |  794.0 |
        Temple |     19 |     19 |      0 |      0 |      0 |   1 |   19.0 |
               +--------+--------+--------+--------+--------+-----+--------+

Top non-repeatable levels by time:
     D:3: 1198 daAuts
     D:4: 1151 daAuts
     D:5: 993 daAuts
     D:2: 774 daAuts
     D:1: 697 daAuts
     D:6: 516 daAuts
     D:7: 225 daAuts
  Temple: 19 daAuts
